 Dungeon Crawl Stone Soup version 0.17-a0-1311-gbcbd859 (webtiles) character file.

2129 ololoev the Carver (level 9, -5/61 HPs)
             Began as a Formicid Warper on June 8, 2015.
             Slain by a killer bee (6 damage)
             ... on level 7 of the Dungeon.
             The game lasted 00:26:47 (7940 turns).

ololoev the Carver (Formicid Warper)                Turns: 7940, Time: 00:26:47

Health: -5/61      AC: 19    Str: 26    XL:     9   Next: 55%
Magic:  12/12      EV:  8    Int: 15    God:
Gold:   349        SH:  5    Dex: 10    Spells: 0 memorised, 12 levels left

rFire  + . .     SeeInvis +     a - +0 long sword
rCold  . . .     Clarity  .     k - +0 plate armour
rNeg   . . .     SustAt   .     i - +0 buckler
rPois  .         Gourm    .     (helmet unavailable)
rElec  .         Spirit   .     C - +0 cloak
rCorr  .         Warding  .     s - +2 pair of gloves
rMut   .         Stasis   +     B - +0 pair of boots
MR     .....                    x - amulet of faith
Stlth  ..........               d - +4 ring of strength
                                A - ring of protection from fire

@: mighty, lethally poisoned (-5 -> -28), not resistant to hostile enchantments,
extremely unstealthy
A: permanent stasis, dig shafts and tunnels, four strong arms, antennae 3
a: Dig, Shaft Self


Innate Abilities, Weirdness & Mutations

You are under a permanent stasis effect.
You can dig through walls and to a lower floor.
Your four strong arms can wield two-handed weapons with a shield.
You have a pair of large antennae on your head (SInv).

Inventory:

Hand weapons
 a - a +0 long sword (weapon)
 b - a +4 blowgun
Missiles
 e - 27 poisoned needles
Armour
 i - a +0 buckler (worn)
 k - a +0 plate armour (worn)
 s - a +2 pair of gloves (worn)
 B - a +0 pair of boots (worn)
 C - a +0 cloak (worn)
Jewellery
 d - a +4 ring of strength (right hand)
 g - an uncursed ring of fire
 p - an uncursed ring of positive energy
 x - an amulet of faith (around neck)
 A - a ring of protection from fire (left hand)
Magical devices
 y - a wand of disintegration (8)
 z - a wand of confusion (24)
Scrolls
 n - 2 scrolls of magic mapping
 o - 5 scrolls of remove curse
 r - 2 scrolls of immolation
Potions
 j - 3 potions of brilliance
 t - 2 potions of might
Books
 c - a book of Spatial Translocations

   Spells                             Type                      Level
   a - Apportation                    Translocation                1
   b - Blink                          Translocation                2
   c - Shroud of Golubria             Charms/Translocation         2
   d - Portal Projectile              Translocation                3
   e - Teleport Other                 Translocation                3
   f - Passage of Golubria            Translocation                4
Comestibles
 f - 8 bread rations
 h - 10 fruits
 m - 2 slices of pizza
 q - 2 beef jerkies
 u - 6 meat rations


   Skills:
 - Level 2.1 Fighting
 * Level 8.9 Long Blades
 + Level 1.4 Throwing
 + Level 7.1 Armour
 + Level 2.5 Dodging
 - Level 5.1 Shields
 - Level 2.1 Spellcasting
   Level 2.6 Translocations


You had 12 spell levels left.
You didn't know any spells.


You were on level 7 of the Dungeon.
You were hungry.

You visited 2 branches of the dungeon, and saw 8 of its levels.

You collected 349 gold pieces.

### #@##
#########y##########
####
......y................
+ y.y...y....!..........
.#.......###..######.#
###########..######.####
#...............
#..............)
#.......[...##..

Notes
Turn   | Place    | Note
--------------------------------------------------------------
     0 | D:1      | ololoev the Formicid Warper began the quest for the Orb.
     0 | D:1      | Reached XP level 1. HP: 16/16 MP: 3/3
   155 | D:1      | Reached XP level 2. HP: 19/22 MP: 5/5
   812 | D:2      | Noticed Jessica
   820 | D:2      | Killed Jessica
   820 | D:2      | Reached skill level 3 in Long Blades
   820 | D:2      | Reached XP level 3. HP: 22/27 MP: 6/6
  1128 | D:2      | Reached XP level 4. HP: 31/33 MP: 7/7
  1212 | D:2      | Noticed Robin
  1223 | D:2      | Killed Robin
  1677 | D:2      | Reached XP level 5. HP: 19/38 MP: 8/8
  2194 | D:3      | Reached skill level 4 in Long Blades
  2194 | D:3      | Reached skill level 1 in Shields
  2283 | D:3      | Found a basalt altar of Yredelemnul.
  2283 | D:3      | Found a deep blue altar of Sif Muna.
  2284 | D:3      | Found a stormy altar of Qazlal.
  2481 | D:3      | Reached XP level 6. HP: 41/44 MP: 9/9
  2868 | D:4      | Noticed Terence
  3606 | D:4      | Noticed Edmund
  3615 | D:4      | Reached skill level 5 in Long Blades
  3615 | D:4      | Reached XP level 7. HP: 46/50 MP: 10/10
  4330 | D:4      | Killed Terence
  4560 | D:4      | Noticed Eustachio
  4612 | D:4      | Killed Eustachio
  4799 | D:3      | Killed Edmund
  4799 | D:3      | Reached skill level 6 in Long Blades
  4799 | D:3      | Reached skill level 5 in Armour
  4799 | D:3      | Reached XP level 8. HP: 47/56 MP: 11/11
  4837 | D:4      | Noticed Crazy Yiuf
  4852 | D:4      | Killed Crazy Yiuf
  4939 | D:5      | Entered Level 5 of the Dungeon
  5089 | D:5      | Found a shadowy altar of Dithmenos.
  5114 | D:5      | Got a steaming whip
  5137 | D:5      | Identified the cursed +1 whip "Killer Bee's Bane" {drain, Int+5} (You found it on level 5 of the Dungeon)
  5220 | D:5      | Found a sand-covered staircase.
  5239 | D:5      | Found a staircase to the Ecumenical Temple.
  5248 | Temple   | Entered the Ecumenical Temple
  5304 | D:5      | HP: 1/84 [ogre/giant spiked club (12)]
  5656 | D:5      | Found an ancient bone altar of Kikubaaqudgha.
  5681 | D:5      | Reached skill level 7 in Long Blades
  5991 | D:5      | Reached skill level 5 in Shields
  5995 | D:5      | Gained mutation: Your spells are a little easier to cast, but a little less powerful. [mutagenic meat]
  6754 | D:6      | Reached XP level 9. HP: 26/61 MP: 12/12
  6967 | D:6      | Reached skill level 8 in Long Blades
  7622 | D:6      | Reached skill level 1 in Throwing
  7938 | D:7      | Lost mutation: Your spells are a little easier to cast, but a little less powerful. [potion of cure mutation]
  7939 | D:7      | HP: 3/61 [poison (a potion of poison)]
  7940 | D:7      | HP: 1/61 [poison (a potion of poison)]
  7940 | D:7      | Slain by a killer bee

Dungeon Overview and Level Annotations

Branches:
Dungeon (7/15)             Temple (1/1) D:5

Altars:
Ashenzari
Dithmenos
Fedhas
Gozag
Kikubaaqudgha
Nemelex Xobeh
Qazlal
Ru
Sif Muna
Trog
Xom
Yredelemnul
Zin


Message History

The killer bee stings you but does no damage.
You closely miss the killer bee.
You feel sick.
The killer bee stings you but does no damage.
You block the killer bee's attack.
You closely miss the killer bee.
You feel sick. You block the killer bee's attack. The killer bee stings you.
You slash the killer bee!
The killer bee is heavily wounded.
You feel sick.
The killer bee stings you but does no damage.
The killer bee closely misses you.
You hit the killer bee.
The killer bee is severely wounded.
You feel sick. The killer bee stings you. The killer bee stings you.
You are lethally poisoned!
The killer bee poisons you!
You hit the killer bee.
The killer bee is almost dead.
You feel sick.
The killer bee stings you but does no damage.
You block the killer bee's attack.
You closely miss the killer bee.
The killer bee is almost dead.
You feel sick.
The killer bee stings you but does no damage.
The killer bee barely misses you.
Drink which item? (? for menu, Esc to quit)
It was a potion of cure mutation.
It has a very clean taste.
Your magic regains its normal vibrancy.
You feel sick. You block the killer bee's attack.
The killer bee barely misses you.
Drink which item? (? for menu, Esc to quit)
It was a potion of poison.
That liquid tasted very nasty...
You are more poisoned.
You feel sick. The killer bee barely misses you.
The killer bee completely misses you.
You closely miss the killer bee.
The killer bee is almost dead.
You feel sick. The killer bee stings you.
You die...

You could see a killer bee.

Vanquished Creatures
  Eustachio (D:4)
  Edmund (D:3)
  An ice beast (D:6)
  A phantom (D:6)
  2 orc warriors (D:6)
  2 ogres
  A giant frog (D:3)
  5 killer bees (D:7)
  3 vampire bats (D:5)
  5 crimson imps
  A centaur zombie (D:5)
  A giant frog skeleton (D:5)
  Crazy Yiuf (D:4)
  2 orc priests
  2 hounds
  2 orc wizards (D:5)
  Jessica (D:2)
  4 worker ants
  Terence (D:4)
  A hound skeleton (D:6)
  Robin (D:2)
  8 adders
  3 gnolls (D:4)
  2 oozes
  5 worms
  2 giant geckos
  22 orcs
  2 ball pythons
  3 bat skeletons (D:5)
  3 bat zombies (D:5)
  3 giant cockroaches
  11 hobgoblins
  A ball python skeleton (D:4)
  12 bats
  4 giant newts
  22 goblins
  10 jackals
  A jackal skeleton (D:4)
  9 kobolds
  5 quokkas
  10 rats
177 creatures vanquished.

Vanquished Creatures (collateral kills)
  A sky beast (D:5)
1 creature vanquished.

Vanquished Creatures (others)
  A jackal (D:4)
1 creature vanquished.

Grand Total: 179 creatures vanquished

Action                   |  1- 3 |  4- 6 |  7- 9 || total
-------------------------+-------+-------+-------++-------
Melee: Spear             |    85 |    58 |       ||   143
       Falchion          |       |   121 |       ||   121
       Long sword        |       |   155 |   555 ||   710
       Short sword       |       |       |   108 ||   108
 Fire: Blowgun           |       |       |     7 ||     7
Throw: Tomahawk          |       |     3 |     2 ||     5
 Abil: Dig               |       |       |     2 ||     2
  Use: Scroll            |       |     8 |    10 ||    18
       Potion            |       |       |     9 ||     9
  Eat: Chunk             |       |     9 |    16 ||    25

Vault maps used:
D:1:      dpeg_chamrin_arrival_tetris, moated_statue
D:2:      uniq_terence, uniq_robin, uniq_jessica
D:3:      gammafunk_temple_overflow_claw, minmay_unequal
D:4:      minivault_24, uniq_crazy_yiuf_cottage, uniq_edmund, uniq_eustachio
D:5:      nicolae_dithmenos_through_a_glass_darkly, kennysheep_vampire_church,
          temple_fountains, nicolae_ossuary_entry_monument, first_bread
Temple:   water_room_temple_a_12
